 Dungeon Crawl Stone Soup version 0.29-a0-338-g1ff7896281 (webtiles) character file.

Game seed: 15486591249634792345

49 zeratav the Sneak (level 3, 0/16 HPs)
             Began as a Vine Stalker Enchanter on Apr 17, 2022.
             Succumbed to an adder's poison
             ... on level 2 of the Dungeon.
             The game lasted 00:02:53 (1926 turns).

zeratav the Sneak (Vine Stalker Enchanter)          Turns: 1926, Time: 00:02:53

Health: 0/16       AC:  3    Str: 10    XL:     3   Next: 75%
Magic:  2/7        EV:  8    Int: 15    God:
Gold:   43         SH:  0    Dex: 16    Spells: 4/6 levels left

rFire   . . .      SeeInvis .   i - +3 dagger {short}
rCold   . . .      Faith    .   (no shield)
rNeg    . . .      Spirit   +   o - +0 leather armour
rPois   .          Reflect  .   (no helmet)
rElec   .          Harm     .   (no cloak)
rCorr   .          Rampage  .   (no gloves)
Will    .....                   (no boots)
Stlth   +++.......              h - amulet of magic regeneration {@e2}
HPRegen 0.05/turn               (no ring)
MPRegen 0.50/turn               (no ring)

@: lethally poisoned (0 -> -3), very slightly contaminated, constricted
A: fangs 2, magic shield, antimagic bite, no potion heal 2
a: no special abilities


You were on level 2 of the Dungeon.
You visited 1 branch of the dungeon, and saw 2 of its levels.

You collected 43 gold pieces.


Innate Abilities, Weirdness & Mutations

You have extremely sharp teeth.
When hurt, damage is shared between your health and your magic reserves.
Your bite disrupts and absorbs the magic of your enemies.
Potions cannot restore your health.


   Skills:
 * Level 2.2 Short Blades
 + Level 0.2 Armour
 - Level 1.5 Dodging
 + Level 4.2 Stealth
 - Level 2.1 Spellcasting
 + Level 3.4 Hexes


You had 4 spell levels left.
You knew the following spells:

 Your Spells              Type           Power      Damage    Failure   Level
a - Ensorcelled Hibernat  Hex/Ice        12%        N/A       22%         2

Your spell library contained the following spells:

 Spells                   Type           Power      Damage    Failure   Level
 Confusing Touch          Hex            11%        N/A       22%         3
 Tukima's Dance           Hex            11%        N/A       22%         3
 Dazzling Flash           Conj/Hex       12%        N/A       41%         3

Inventory:

Hand Weapons
 i - a +3 dagger (weapon) {short}
   (You took it off a goblin on level 1 of the Dungeon)
Armour
 a - a +0 chain mail
   (You found it on level 2 of the Dungeon)
 o - a +0 leather armour (worn)
   (You found it on level 2 of the Dungeon)
Jewellery
 h - an amulet of magic regeneration (around neck) {@e2}
   (You found it on level 1 of the Dungeon)
Scrolls
 j - 2 scrolls of teleportation {unknown}
 k - 2 scrolls of identify {unknown}
 m - a scroll of enchant armour {unknown}
Potions
 c - 2 potions of invisibility
 e - 2 potions of curing {unknown}
 f - a potion of ambrosia {unknown}
 g - a potion of mutation {unknown}
 l - a potion of resistance {unknown}

Dungeon Overview and Level Annotations

Branches:
Dungeon (2/15)

Altars:

Shops:
D:1

[ ##.. ...# ####.# .
... #....# .# #. #.
#.. #.##.# .#..
#..##..##.##.###.#.#
$.....#.##.....#.##
#.†S#.##..#.....
#.r@#.##..#...#
#.........#...#
.....##.###.##...#
...... #.###.##...#
..... #..........###
..... #..##.##.....#
##..
.............#.####
#..
......#.#....#....#
......#.#....#....#


You could see a ball python and a rat.


Message History

You lost 1 mp, and now have 6/7 mp.
You barely miss the quokka. The quokka bites you.
HP[-1] MP[-1]
You take 1 damage, and now have 15/16 hp.
You lost 1 mp, and now have 5/7 mp.
You completely miss the quokka. The quokka bites you.
HP[-2]
You take 2 damage, and now have 13/16 hp.
You hit the quokka.
You kill the quokka!
No target in view!
No target in view!
No target in view!
No target in view!
No target in view!
No target in view!
No target in view!
No target in view!
No target in view!
No target in view!
No target in view!
No target in view!
No target in view!
No target in view!
An adder comes into view.
HP[+3] MP[+2]
Your hp is fully restored (16).
Your mp is fully restored (7).
A rat and a ball python come into view.
The adder hisses angrily.
The ball python hisses angrily.
The adder bites you.
HP[-2]
You take 2 damage, and now have 14/16 hp.
You hit the adder. Your bite misses the adder.
The ball python barely misses you. The ball python grabs you.
The ball python constricts you. The adder bites you.
You are poisoned.
The adder poisons you!
HP[-2] MP[-1]
You take 2 damage, and now have 12/16 hp.
You lost 1 mp, and now have 6/7 mp.
You are too injured to fight recklessly!
You are too injured to fight recklessly!
You are too injured to fight recklessly!
Casting: Ensorcelled Hibernation (safe; 22% risk of failure)
Confirm with . or Enter, or press ? or * to list all spells.
Aiming: Ensorcelled Hibernation (safe; 22% risk of failure)
Press: ? - help, Shift-Dir - straight line, f - adder
Aim: an adder (heavily wounded, chance to affect: 49%)
The adder resists with some effort.
You feel sick. The ball python barely misses you.
The ball python constricts you. The adder bites you.
You are lethally poisoned!
The adder poisons you! The ball python barely misses you.
The ball python constricts you.
* * * LOW HITPOINT WARNING * * *
HP[-4] MP[-3]
You take 4 damage, and now have 8/16 hp.
MASSIVE DAMAGE!! (PAUSE)
You lost 3 mp, and now have 3/7 mp.
Casting: Ensorcelled Hibernation (safe; 22% risk of failure)
Confirm with . or Enter, or press ? or * to list all spells.
Aiming: Ensorcelled Hibernation (safe; 22% risk of failure)
Press: ? - help, Shift-Dir - straight line, f/p - adder
Aim: an adder (heavily wounded, chance to affect: 49%)
You miscast Ensorcelled Hibernation.
You are very lightly contaminated with residual magic.
Nothing appears to happen.
* * * LOW HITPOINT WARNING * * *
You feel very sick. The adder closely misses you.
The ball python bites you but does no damage.
The ball python constricts you.
HP[-3] MP[-1]
You take 3 damage, and now have 5/16 hp.
You lost 1 mp, and now have 2/7 mp.
You hit the adder. You bite the adder. You drain its power.
You feel invigorated.
* * * LOW HITPOINT WARNING * * *
You feel sick. The adder bites you but does no damage.
The rat bites you but does no damage.
The ball python bites you but does no damage.
The ball python constricts you. The adder bites you but does no damage.
HP[-1]
You take 1 damage, and now have 4/16 hp.
You hit the adder.
You kill the adder!
* * * LOW HITPOINT WARNING * * *
You feel sick. The rat closely misses you.
The ball python bites you but does no damage.
The ball python constricts you.
HP[-2]
You take 2 damage, and now have 2/16 hp.
You barely miss the rat.
* * * LOW HITPOINT WARNING * * *
You feel sick. The rat barely misses you. The ball python barely misses you.
The ball python constricts you.
HP[-1]
You take 1 damage, and now have 1/16 hp.
You hit the rat but do no damage.
You die...

Skill      XL: |  1  2  3 |
---------------+----------+-----
Short Blades   | 1 2 |  2.2
Stealth        | 4 |  4.2
Armour         | |  0.2
Dodging        | |  1.5
Spellcasting   | |  2.1
Hexes          | |  3.4

Action                   || total
-------------------------++-------
Melee: Dagger            ||    84
       Bite              ||    15
       Punch             ||     1
 Cast: Ensorcelled Hiber ||     1
 Stab: Sleeping          ||     8
Armor: Robe              ||    22
       Leather armour    ||     7
Dodge: Dodged            ||    55

Levels and vault maps discovered:
D:1:      dpeg_arrival_ratfight, layout_basic, serial_shops,
          nicolae_diamond_shop, kennysheep_nondescript
D:2:      layout_basic, minmay_pentomino_p4

Notes
Turn   | Place    | Note
-------+----------+-------------------------------------------
     0 | D:1      | zeratav the Vine Stalker Enchanter began the quest for the
                  | Orb.
     0 | D:1      | Reached XP level 1. HP: 9/9 MP: 4/4
     0 | D:1      | magus.rc [v1.9.6]
    32 | D:1      | Reached skill level 1 in Short Blades
   118 | D:1      | Reached XP level 2. HP: 9/13 MP: 6/6
   479 | D:1      | Found Ughan's Antique Armour Emporium.
   486 | D:1      | Reached skill level 4 in Stealth
   505 | D:1      | HP: 3/13 [bat (1)]
   936 | D:1      | Reached XP level 3. HP: 13/16 MP: 7/7
  1266 | D:1      | Learned a level 2 spell: Ensorcelled Hibernation
  1295 | D:1      | Reached skill level 2 in Short Blades
  1923 | D:2      | HP: 4/16 [poisoned by an adder]
  1925 | D:2      | HP: 1/16 [poisoned by an adder]
  1926 | D:2      | Succumbed to an adder's poison

Vanquished Creatures
  An adder (D:2)
  A worm (D:2)
  A dart slug (D:1)
  2 ball pythons (D:1)
  6 bats (D:1)
  2 endoplasms (D:1)
  3 giant cockroaches
  4 goblins (D:1)
  A hobgoblin (D:2)
  3 kobolds
  2 quokkas
  A frilled lizard (D:1)
  7 rats (D:1)
34 creatures vanquished.

Table legend:
 A = Non-vault XP
 B = Vault XP
 C = Vault XP percentage of total XP
 D = Non-vault monster count
 E = Vault monster count
 F = Vault count percentage of total count
                 A         B        C        D         E       F
            +---------+---------+-------+---------+---------+-------
      Total |      52 |      18 |  25.7 |      28 |       6 |  17.6
            +---------+---------+-------+---------+---------+-------
        D:1 |      40 |       5 |  11.1 |      23 |       5 |  17.9
        D:2 |      12 |      13 |  52.0 |       5 |       1 |  16.7
            +---------+---------+-------+---------+---------+-------

Illustrated notes

Table legend:
 A = Kills in this place as a percentage of kills in entire the game.
 B = Kills by you in this place as a percentage of kills by you in the entire game.
 C = Kills by friends in this place as a percentage of kills by friends in the entire game.
 D = Other kills in this place as a percentage of other kills in the entire game.
 E = Experience gained in this place as a percentage of experience gained in the entire game.
 F = Experience gained in this place divided by the number of levels of this place that you have seen.
                   A       B       C       D       E      F
               +-------+-------+-------+-------+-------+----------------------
         Total | 100.0 | 100.0 |   N/A |   N/A | 100.0 |  35.0
       Dungeon | 100.0 | 100.0 |   N/A |   N/A | 100.0 |  35.0
               +-------+-------+-------+-------+-------+----------------------

Table legend: (Time is in decaauts)
 A = Elapsed time spent in this place.
 B = Non-inter-level travel time spent in this place.
 C = Inter-level travel time spent in this place.
 D = Time resting spent in this place.
 E = Time spent auto-exploring this place.
 F = Levels seen in this place.
 G = Mean time per level.
                   A        B        C        D        E       F      G
               +--------+--------+--------+--------+--------+-----+--------+
         Total |   1918 |   1869 |     49 |    349 |   1269 |   2 |  959.0 |
       Dungeon |   1918 |   1869 |     49 |    349 |   1269 |   2 |  959.0 |
               +--------+--------+--------+--------+--------+-----+--------+

Top non-repeatable levels by time:
     D:1: 1682 daAuts
     D:2: 236 daAuts
